 Dungeon Crawl Stone Soup version 0.13-a0-1577-g2bae144 (webtiles) character file.

122 Impy the Ruffian (level 3, 0/28 HPs)
             Began as a Gargoyle Transmuter on June 11, 2013.
             Was an Initiate of Kikubaaqudgha.
             Slain by Sigmund
             ... wielding a +2,+1 scythe
              (9 damage)
             ... on Level 2 of the Dungeon.
             The game lasted 00:04:37 (1513 turns).

Impy the Ruffian (Gargoyle Transmuter)              Turns: 1513, Time: 00:04:37

HP   0/28        AC  2     Str 13      XL: 3   Next: 62%
MP   4/4         EV 14     Int 19      God: Kikubaaqudgha [......]
Gold 78          SH  0     Dex 10      Spells:  1 memorised,  5 levels left

Res.Fire  : . . .   See Invis. : .     - Unarmed
Res.Cold  : + . .   Warding    : .   c - +0 robe
Life Prot.: + . .   Conserve   : .   (no shield)
Res.Poison: .       Res.Corr.  : .   (no helmet)
Res.Elec. : .       Clarity    : .   (no cloak)
Sust.Abil.: . .     Spirit.Shd : .   (no gloves)
Res.Mut.  : .       Stasis     : .   (no boots)
Res.Rott. : .       Flight     : .   (no amulet)
Saprovore : . . .                    (no ring)
                                     l - cursed +2 ring of evasion

@: brilliant, not resistant to hostile enchantments, unstealthy
A: fangs 1, talons 2, cold resistance 1, life protection 1, slow metabolism 1,
petrification resistance, trample resistance
a: Renounce Religion


You were on level 2 of the Dungeon.
You worshipped Kikubaaqudgha.
Kikubaaqudgha was noncommittal.
You were not hungry.

You visited 1 branch of the dungeon, and saw 2 of its levels.

You collected 58 gold pieces.

Inventory:

Hand weapons
 i - a +1,+1 elven whip of draining
Missiles
 b - 12 arrows
Armour
 c - a +0 robe (worn)
Comestibles
 a - 4 bread rations
 f - a choko
 m - an apple
Scrolls
 h - a scroll of remove curse {unknown}
Jewellery
 l - a cursed +2 ring of evasion (left hand)
Books
 d - a book of Changes

   Spells                             Type                      Level
   *Beastly Appendage                 Transmutation                1
   Sticks to Snakes                   Transmutation                2
   Spider Form                        Transmutation/Poison         3
   Ice Form                           Ice/Transmutation            4
   Blade Hands                        Transmutation                5


   Skills:
 - Level 1.1 Fighting
 + Level 2.5 Dodging
 + Level 4.3 Unarmed Combat
 - Level 2.0 Spellcasting
 - Level 1.8 Transmutations


You had 5 spell levels left.
You knew the following spells:

 Your Spells              Type           Power        Failure   Level  Hunger
a - Beastly Appendage     Trmt           ###...       1%          1    #......


Dungeon Overview and Level Annotations

Branches:
Dungeon (2/27)

Altars:
Kikubaaqudgha

Annotations
D:2 Sigmund


Innate Abilities, Weirdness & Mutations

You have very sharp teeth.
You have razor-sharp toenails.
Your flesh is cold resistant.
You resist negative energy.
You have a slow metabolism.
You are immune to petrification.
You are resistant to trampling.


Message History

Kikubaaqudgha welcomes you!
You enter the shallow water.
Moving in this stuff is going to be slow.
It hits you! It hits you.
Read which item? (? for menu, Esc to quit)
As you read the scroll labeled LIATWOUQYU, it crumbles to dust.
Nothing appears to happen.
It hits you.
* * * LOW HITPOINT WARNING * * *
Drink which item? (? for menu, Esc to quit)
You feel better.
It was a potion of curing.
It hits you!
* * * LOW HITPOINT WARNING * * *
Drink which item? (? for menu, Esc to quit)
You feel more clever all of a sudden.
It was a potion of brilliance.
Drink which item? (? for menu, Esc to quit)
You feel better. It hits you!
You die...
Kikubaaqudgha rasps: "You have failed me!
Welcome... oblivion!"

.##.##...........#.#........
...................#........
.##.##...........#.####...#.
###.#...#.###.####...#.
##...#..........).......
#...........########.###
#.########..# #.#
#.#....##...# #.#
##%#._≈.@..⌠.# #.#
#..#...≈.....# #..
#..#...≈.≈...# ###
#..##.≈≈≈≈≈≈.#
#..##.≈≈≈≈≈≈...
######..#...≈≈≈≈..##
#......{..⌠.≈..≈.##
#.####.#.........#
{...%...#######


There were no monsters in sight!

Vanquished Creatures
  A giant mite (D:2)
  2 giant geckos
  2 oozes
  5 bats (D:1)
  A giant cockroach (D:1)
  2 goblins (D:1)
  5 hobgoblins
  2 jackals (D:2)
  6 kobolds
  7 rats
  7 toadstools (D:1)
40 creatures vanquished.

Vanquished Creatures (others)
  A goblin (D:1)
1 creature vanquished.

Grand Total: 41 creatures vanquished

Notes
Turn   | Place    | Note
--------------------------------------------------------------
     0 | D:1      | Impy, the Gargoyle Transmuter, began the quest for the Orb.
     0 | D:1      | Reached XP level 1. HP: 16/16 MP: 1/1
   601 | D:1      | Reached XP level 2. HP: 17/23 MP: 3/3
   860 | D:1      | Reached skill level 4 in Unarmed Combat
  1188 | D:1      | Reached XP level 3. HP: 28/28 MP: 4/4
  1492 | D:2      | Noticed Sigmund
  1493 | D:2      | Paralysed by a potion of paralysis for 4 turns
  1500 | D:2      | Found an ancient bone altar of Kikubaaqudgha.
  1506 | D:2      | Became a worshipper of Kikubaaqudgha
  1513 | D:2      | Slain by Sigmund

Action                   || total
-------------------------++-------
Melee: Unarmed           ||   118
  Use: Scroll            ||     5
       Potion            ||     4
